Map: Sentinel CE

Players

Batsssy

  • Race: Terran Terran
  • Spawn Location: 5:00

HYBRIDKAMOTE

  • Race: Terran Terran
  • Spawn Location: 6:00

Schizoid

  • Race: Protoss Protoss
  • Spawn Location: 5:00

xBenx - Winner!

  • Race: Zerg Zerg
  • League: Gold
  • Spawn Location: 9:00

dwduck - Winner!

  • Race: Protoss Protoss
  • Spawn Location: 9:00

WarpigxxxL - Winner!

  • Race: Zerg Zerg
  • Spawn Location: 12:00

VOD

Have the link to the VOD?

Description

WarpigxxxL, dwduck, xBenx vs Schizoid, HYBRIDKAMOTE, Batsssy

Time

  • Played on: April 7, 2024, 2:49 p.m.
  • Length: 13:29
Show
View Real Time Build Order
Export as new Build Order

Batsssy Terran 

Build Orders:  

Get SALT Encoding   

  12  0:18  SCV  
  13  0:37  Supply Depot  
  13  0:43  SCV  
  13  0:47  Refinery  
  14  1:10  Barracks  
  14  1:12  SCV  
  15  1:24  SCV  
  16  1:28  Supply Depot  
  16  1:36  SCV  
  17  1:48  SCV  
  17  1:52  Barracks  
  18  2:00  SCV  
  19  2:12  SCV  
  20  2:39  Refinery  
  20  2:42  Orbital Command  
  20  2:46  Barracks Tech Lab  
  20  2:51  Factory  
  20  3:06  Marine  
  21  3:24  Marine  
  22  3:36  Factory  
  22  3:38  Factory Tech Lab  
  22  3:42  Marine  
  23  3:57  Siege Tank  
  23  4:00  Marine  
  27  4:18  Marine  
  27  4:23  Factory Reactor  
  28  4:34  Command Center  
  28  4:36  Marine  
  29  4:53  Marine  
  30  5:01  Supply Depot  
  30  5:11  Marine  
  31  5:22  Siege Tank  
  31  5:24  Supply Depot  
  30  5:29  Marine  
  30  5:48  Supply Depot  
  28  6:25  Siege Tank  
  31  6:44  Orbital Command  
  31  6:55  SCV  
  31  6:57  Siege Tank  
  35  7:01  Marine  
  35  7:08  SCV  
  37  7:13  Barracks  
  37  7:19  Marine  
  37  7:20  SCV  
  39  7:29  Siege Tank  
  42  7:32  SCV  
  42  7:37  Marine  
  42  7:41  SCV  
  45  7:44  SCV  
  45  7:53  SCV  
  45  7:55  Marine  
  45  7:56  SCV  
  48  8:01  Siege Tank  
  52  8:05  SCV  
  45  8:12  Marine  
  34  8:30  Marine  
  34  8:31  Barracks Reactor  
  32  8:48  Marine  
  32  8:55  SCV  
  30  9:06  Marine x2  
  30  9:07  SCV, Marine  
  32  9:19  SCV  
  32  9:24  Marine x3  
  27  9:31  SCV  
  27  9:42  Marine x3  
  26  9:51  SCV  
  21  9:59  Marine  
  12  10:00  Marine x2  
  12  10:03  SCV  
  14  10:13  Siege Tank  
  17  10:15  SCV  
  17  10:17  Marine  
  17  10:18  Marine x2  
  20  10:27  SCV  
  21  10:35  Marine x2  
  22  10:36  Marine  
  22  10:39  SCV  
  12  10:45  Siege Tank  
  15  10:51  SCV  
  15  10:53  Marine x2  
  15  10:56  Marine  
  16  11:03  SCV  
  11  11:11  Marine  
  10  11:15  SCV  
  10  11:16  Marine  
  10  11:18  Siege Tank  
  14  11:28  Marine  
  15  11:33  Marine  
  16  11:46  Marine  
  17  11:50  Siege Tank  
  17  11:51  Marine  
  21  12:04  Marine  
  21  12:07  SCV  
  23  12:09  Marine  
  24  12:22  Marine  
  25  12:27  Marine  
  20  12:40  Marine  
  20  12:45  Marine  
  11  12:57  Marine  
  6  13:03  Marine  
Show
View Real Time Build Order
Export as new Build Order

HYBRIDKAMOTE Terran 

Build Orders:  

Get SALT Encoding   

  12  0:00  SCV  
  13  0:20  Supply Depot, SCV  
  14  0:32  SCV  
  15  0:44  Barracks  
  15  0:49  Refinery  
  15  0:50  SCV  
  16  1:13  SCV  
  17  1:38  Bunker, Marine  
  19  1:50  Orbital Command  
  18  1:56  Marine  
  19  2:14  Marine  
  20  2:24  SCV  
  20  2:26  Supply Depot  
  21  2:36  SCV  
  22  2:42  Barracks Reactor  
  22  2:48  Engineering Bay  
  22  3:01  Supply Depot  
  22  3:05  Command Center  
  22  3:08  Barracks  
  22  3:18  Barracks  
  22  3:31  Supply Depot  
  22  3:50  Barracks  
  22  3:57  Supply Depot  
  22  4:07  SCV  
  23  4:10  Barracks Reactor  
  23  4:11  Barracks Tech Lab  
  23  4:18  Refinery  
  23  4:19  SCV  
  23  4:20  Marine  
  23  4:21  Marine  
  26  4:30  SCV  
  27  4:31  SCV  
  27  4:36  Supply Depot  
  27  4:38  Marine x2  
  28  4:42  SCV  
  28  4:43  SCV  
  32  4:54  SCV  
  32  4:55  Marine x3  
  32  4:56  Marine x2, SCV  
  39  5:06  SCV  
  40  5:08  SCV  
  40  5:12  Marine  
  40  5:13  Marine x2  
  40  5:14  Marine x2  
  45  5:18  SCV  
  45  5:20  SCV  
  48  5:25  Refinery  
  47  5:30  SCV, Marine  
  47  5:31  Marine x3  
  47  5:32  Supply Depot, SCV, Marine  
  53  5:48  Marine  
  53  5:49  Marine x3  
  55  5:50  Marine  
  55  6:06  Marine x3  
  55  6:07  Marine x2  
  51  6:24  Marine x3  
  51  6:25  Marine x2  
  53  6:30  Supply Depot  
  53  6:31  SCV  
  55  6:40  Refinery  
  55  6:41  Marine  
  55  6:42  Marine x2  
  55  6:43  SCV, Marine x2  
  61  6:50  Factory  
  61  6:55  Terran Infantry Weapons Level 1, SCV  
  61  6:56  Stimpack  
  61  6:59  Marine  
  61  7:00  Marine x3  
  61  7:01  Marine  
  66  7:08  SCV  
  68  7:17  Marine  
  68  7:18  Marine x3  
  68  7:19  Marine  
  68  7:20  SCV  
  74  7:35  Marine x3  
  74  7:36  Marine  
  74  7:37  Marine  
  79  7:53  Marine x3  
  79  7:57  Supply Depot  
  82  8:03  Marine  
  82  8:04  Marine  
  84  8:11  Marine x3  
  87  8:16  Factory Tech Lab  
  64  8:21  Marine x2  
  64  8:22  Factory  
  64  8:27  Barracks  
  66  8:28  Marine  
  66  8:29  Marine x2  
  69  8:39  Marine x2  
  71  8:46  Marine  
  71  8:47  Marine x2  
  74  8:57  Marine x2  
  74  9:04  Marine x3  
  70  9:14  Marine  
  70  9:15  Marine  
  71  9:22  Marine x3  
  66  9:32  Marine  
  66  9:33  Marine  
  56  9:40  Marine x3  
  58  9:50  Marine  
  58  9:51  Marine  
  53  9:57  Marine x2  
  53  9:58  Marine x2  
  42  10:08  Marine x2  
  42  10:13  SCV  
  33  10:15  Marine x2  
  33  10:16  Factory Tech Lab, Marine x2  
  33  10:18  Cyclone  
  37  10:25  SCV  
  37  10:26  Marine x2  
  40  10:32  Marine  
  40  10:33  Marine  
  40  10:34  Marine x2  
  42  10:37  SCV  
  39  10:44  Marine x2  
  39  10:49  SCV  
  42  10:50  Marine  
  42  10:51  Marine x3  
  48  11:01  Marine  
  48  11:02  Marine  
  50  11:05  SCV  
  50  11:08  Marine  
  50  11:09  Marine x2  
  54  11:16  Marine  
  54  11:17  SCV  
  53  11:19  Marine  
  53  11:20  Marine  
  48  11:26  Marine  
  48  11:27  Marine x2  
  48  11:29  SCV  
  47  11:34  Marine  
  47  11:37  Marine x2  
  50  11:41  SCV  
  50  11:45  Marine  
  52  11:54  SCV  
  53  11:56  Barracks Reactor  
  53  11:58  Barracks Tech Lab  
  53  12:00  Marine x2  
  54  12:20  Supply Depot  
  54  12:41  SCV, Marine x2  
  54  12:43  Supply Depot  
  39  12:53  SCV  
  39  12:55  SCV  
  41  13:06  Factory  
  41  13:07  SCV  
Show
View Real Time Build Order
Export as new Build Order

Schizoid Protoss 

Build Orders: Phoenix Opening, Mass Phoenix 

Get SALT Encoding   

  12  0:00  Probe  
  13  0:15  Pylon  
  13  0:17  Probe  
  14  0:29  Probe (Chrono Boost)  
  14  0:32  Assimilator  
  15  0:41  Probe (Chrono Boost)  
  16  0:45  Gateway  
  16  0:50  Probe (Chrono Boost)  
  17  0:58  Assimilator  
  17  1:00  Probe  
  18  1:12  Probe  
  19  1:24  Probe (Chrono Boost)  
  20  1:34  Probe (Chrono Boost)  
  20  1:39  Probe (Chrono Boost)  
  21  1:41  Cybernetics Core  
  21  1:44  Pylon  
  22  1:50  Probe  
  23  2:03  Probe  
  24  2:19  Probe  
  25  2:25  Stargate  
  25  2:26  Warp Gate  
  25  2:27  Stargate  
  25  2:37  Probe  
  26  2:50  Nexus  
  26  2:53  Probe  
  27  3:08  Phoenix  
  29  3:18  Pylon  
  29  3:22  Phoenix  
  31  3:36  Phoenix (Chrono Boost)  
  31  3:40  Assimilator  
  33  3:44  Probe  
  33  3:46  Phoenix (Chrono Boost)  
  36  3:56  Phoenix (Chrono Boost)  
  38  4:05  Probe (Chrono Boost)  
  38  4:06  Pylon  
  39  4:15  Probe (Chrono Boost)  
  40  4:20  Probe (Chrono Boost)  
  41  4:24  Protoss Air Weapons Level 1  
  39  4:57  Phoenix x2 (Chrono Boost)  
  39  5:20  Phoenix (Chrono Boost)  
  39  5:21  Phoenix (Chrono Boost)  
  43  5:32  Forge  
  43  5:36  Pylon  
  43  5:37  Probe  
  43  5:38  Probe  
  49  5:43  Void Ray  
  50  5:50  Probe x2  
  50  6:02  Probe  
  48  6:20  Pylon  
  48  6:22  Pylon  
  46  6:31  Nexus  
  46  6:33  Pylon  
  46  6:34  Pylon  
  36  7:13  Fleet Beacon  
  36  7:20  Stargate  
  36  7:23  Photon Cannon  
  36  7:24  Stargate  
  36  7:27  Shield Battery  
  40  7:42  Void Ray  
  40  7:50  Probe x2  
  42  7:51  Assimilator  
  42  7:56  Assimilator  
  42  8:03  Probe  
  43  8:06  Probe  
  43  8:09  Pylon  
  43  8:12  Pylon  
  44  8:14  Pylon  
  44  8:15  Probe  
  45  8:27  Probe  
  46  8:39  Probe  
  47  8:55  Probe x2  
  57  9:07  Probe x2  
  59  9:19  Probe  
  61  9:31  Probe x2  
  61  9:34  Pylon  
  61  9:35  Void Ray x2 (Chrono Boost), Pylon  
  62  9:39  Pylon  
  59  9:52  Tempest (Chrono Boost)  
  63  10:01  Tempest (Chrono Boost)  
  63  10:06  Tempest (Chrono Boost)  
  59  10:59  Photon Cannon  
  59  11:05  Photon Cannon  
  59  11:07  Photon Cannon  
  59  11:09  Nexus, Tempest  
  64  11:34  Photon Cannon  
  64  11:35  Probe  
  65  11:47  Probe  
  66  11:54  Tempest  
  55  12:40  Tempest  
  56  13:04  Probe (Chrono Boost)  
  58  13:06  Probe (Chrono Boost)  
  63  13:14  Probe (Chrono Boost)  
  65  13:17  Probe (Chrono Boost)  
Show
View Real Time Build Order
Export as new Build Order

xBenx Zerg - Winner!

Build Orders: Hatch First 

Get SALT Encoding   

  12  0:03  Drone  
  13  0:19  Drone  
  14  0:22  Overlord  
  14  0:46  Drone  
  15  0:53  Drone x2  
  15  0:56  Extractor  
  16  1:07  Drone  
  17  1:12  Hatchery  
  16  1:28  Spawning Pool  
  16  1:30  Drone x2  
  17  1:42  Drone  
  18  1:59  Drone  
  19  2:19  Drone x2  
  19  2:22  Extractor  
  20  2:28  Drone  
  23  2:30  Drone, Queen, Extractor  
  23  2:31  Queen  
  26  2:39  Baneling Nest  
  26  2:45  Extractor  
  26  2:46  Drone x2  
  26  2:49  Extractor  
  26  2:54  Drone  
  26  2:55  Drone  
  28  3:01  Overlord  
  28  3:15  Overlord  
  28  3:17  Spore Crawler  
  28  3:19  Spore Crawler  
  26  3:20  Drone x3  
  26  3:22  Overlord  
  29  3:28  Metabolic Boost  
  29  3:33  Lair  
  29  3:40  Drone x2  
  31  3:45  Drone  
  32  3:51  Zergling x6  
  35  4:00  Drone  
  36  4:30  Spore Crawler  
  35  4:31  Spore Crawler  
  35  4:37  Spore Crawler  
  35  4:38  Spore Crawler  
  32  4:43  Overlord x2  
  32  4:45  Queen  
  32  4:46  Queen  
  32  4:47  Drone x3  
  39  4:58  Drone x2  
  41  5:05  Centrifugal Hooks  
  40  5:19  Drone x3  
  43  5:24  Spore Crawler  
  43  5:26  Baneling x3  
  43  5:27  Pneumatized Carapace  
  42  5:28  Burrow  
  42  5:32  Infestation Pit  
  41  5:50  Drone x2  
  41  5:53  Hatchery  
  41  5:55  Overlord  
  42  5:57  Zergling x2  
  42  5:58  Zergling x6  
  42  6:02  Overseer  
  46  6:10  Extractor  
  45  6:11  Drone x3  
  45  6:12  Extractor  
  45  6:18  Hydralisk Den  
  46  6:20  Evolution Chamber  
  45  6:53  Drone x3  
  48  6:54  Drone x3  
  51  7:02  Spore Crawler  
  51  7:03  Drone x6  
  51  7:04  Drone x2  
  58  7:18  Zerg Ground Armor Level 1  
  58  7:19  Grooved Spines  
  58  7:21  Hive  
  56  7:41  Zergling x2  
  56  7:42  Zergling x30  
  72  7:51  Zergling x2  
  73  7:52  Baneling x5  
  73  7:58  Spine Crawler  
  73  7:59  Spine Crawler  
  73  8:05  Overlord x3  
  65  8:22  Baneling  
  65  8:23  Baneling x9  
  65  8:24  Zergling x2  
  65  8:25  Zergling x8  
  70  8:36  Drone x2  
  70  8:38  Extractor x2, Spore Crawler  
  70  8:39  Drone, Spore Crawler  
  68  8:47  Overlord x2  
  68  8:55  Overseer  
  68  9:00  Drone x2  
  68  9:01  Drone x3  
  73  9:02  Queen  
  71  9:30  Zergling x26  
  71  9:31  Zergling x6  
  83  9:46  Zergling x14  
  76  10:12  Zergling x24  
  84  10:15  Zerg Ground Armor Level 2  
  84  10:20  Drone, Spine Crawler  
  84  10:21  Drone x3, Spine Crawler  
  77  10:22  Drone  
  77  10:25  Baneling x3  
  77  10:26  Baneling  
  70  10:45  Hatchery  
  68  10:52  Evolution Chamber  
  68  10:54  Spine Crawler  
  68  10:56  Queen  
  68  11:05  Drone x2  
  68  11:06  Drone  
  68  11:08  Drone x4  
  68  11:09  Zergling x4  
  68  11:10  Zergling x8  
  76  11:35  Adrenal Glands  
  76  11:36  Drone  
  76  11:37  Drone x2  
  79  11:40  Drone x3  
  79  11:41  Drone  
  79  11:44  Drone x3  
  79  11:45  Drone  
  79  11:47  Baneling  
  79  11:48  Overseer, Baneling x5  
  79  11:53  Overseer  
  77  12:19  Nydus Network  
  76  12:32  Zergling x2  
  76  12:33  Zergling x44  
  93  12:46  Overlord x4  
  93  12:47  Overlord  
  93  12:49  Overseer  
  93  12:54  Extractor  
  93  12:55  Extractor, Spore Crawler  
  93  12:57  Baneling x6  
  90  13:00  Baneling x3  
  90  13:01  Baneling x21  
  90  13:24  Hatchery  
  89  13:26  Unknown  
Show
View Real Time Build Order
Export as new Build Order

dwduck Protoss - Winner!

Build Orders: Carriers, Carrier Rush 

Get SALT Encoding   

  12  0:03  Probe  
  13  0:17  Pylon  
  13  0:19  Probe  
  14  0:31  Probe  
  15  0:43  Gateway  
  15  0:50  Forge  
  15  0:54  Probe  
  16  1:03  Assimilator  
  16  1:06  Probe  
  16  1:10  Assimilator  
  17  1:18  Probe (Chrono Boost)  
  18  1:29  Probe (Chrono Boost)  
  19  1:33  Probe (Chrono Boost)  
  19  1:39  Cybernetics Core  
  20  1:44  Probe  
  21  1:56  Probe  
  22  2:11  Pylon  
  22  2:14  Pylon  
  22  2:32  Stargate  
  22  2:44  Pylon  
  22  3:20  Fleet Beacon  
  26  3:32  Void Ray  
  26  3:44  Nexus  
  26  3:47  Pylon  
  26  3:51  Pylon  
  26  3:53  Pylon  
  26  3:57  Probe  
  27  4:09  Probe  
  28  4:15  Carrier (Chrono Boost)  
  28  4:21  Probe  
  35  4:33  Probe  
  36  4:45  Probe  
  28  5:11  Probe  
  29  5:18  Flux Vanes  
  29  5:19  Protoss Shields Level 1  
  28  5:23  Probe  
  29  5:29  Protoss Air Armor Level 1  
  29  5:35  Probe  
  30  5:47  Probe  
  30  5:48  Photon Cannon  
  30  5:50  Photon Cannon  
  30  5:52  Shield Battery  
  30  5:57  Photon Cannon  
  30  5:58  Photon Cannon  
  30  5:59  Probe  
  30  6:28  Assimilator  
  30  6:33  Assimilator  
  30  6:34  Probe (Chrono Boost)  
  30  6:38  Carrier (Chrono Boost)  
  31  6:44  Probe (Chrono Boost)  
  38  6:50  Probe (Chrono Boost)  
  38  6:51  Probe (Chrono Boost)  
  40  7:01  Probe (Chrono Boost)  
  41  7:05  Probe (Chrono Boost)  
  42  7:15  Stalker  
  44  7:32  Probe  
  44  7:35  Carrier  
  51  7:44  Probe  
  52  7:45  Stalker  
  54  7:56  Probe  
  55  8:08  Probe  
  56  8:20  Probe  
  56  8:23  Stargate  
  56  8:24  Stargate  
  56  8:26  Stargate  
  57  8:34  Probe  
  57  8:39  Carrier  
  64  8:46  Probe  
  65  8:59  Probe (Chrono Boost)  
  66  9:08  Probe (Chrono Boost)  
  67  9:13  Probe (Chrono Boost)  
  68  9:25  Probe  
  68  9:30  Nexus  
  69  9:33  Pylon  
  69  9:36  Pylon  
  69  9:38  Assimilator  
  69  9:41  Assimilator  
  69  9:43  Carrier (Chrono Boost), Pylon  
  71  9:46  Pylon  
  71  10:11  Carrier x2 (Chrono Boost)  
  89  10:37  Carrier (Chrono Boost)  
  89  10:44  Probe  
  90  10:53  Probe x2  
  90  10:56  Probe  
  93  11:05  Probe x2  
  93  11:08  Probe  
  96  11:17  Probe x2  
  98  11:20  Probe  
  98  11:23  Carrier  
  98  11:24  Carrier  
  111  11:29  Probe x2  
  111  11:32  Probe  
  114  11:41  Probe x2  
  116  12:01  Carrier  
  116  12:36  Tempest  
  121  12:44  Pylon  
  121  12:45  Pylon  
  121  12:47  Pylon  
  121  12:49  Pylon  
  121  12:51  Pylon  
  121  12:53  Pylon  
  121  12:55  Pylon  
Show
View Real Time Build Order
Export as new Build Order

WarpigxxxL Zerg - Winner!

Build Orders: Hatch First 

Get SALT Encoding   

  12  0:03  Drone  
  13  0:10  Drone  
  14  0:22  Overlord  
  14  0:32  Overlord  
  14  0:54  Drone  
  14  0:55  Hatchery  
  14  1:00  Drone  
  14  1:02  Drone  
  16  1:15  Drone  
  17  1:19  Extractor  
  17  1:20  Drone  
  17  1:32  Drone, Spawning Pool  
  17  1:38  Drone  
  18  1:48  Drone  
  19  2:01  Drone  
  20  2:14  Drone  
  20  2:15  Drone  
  22  2:17  Hatchery  
  21  2:25  Drone x2  
  21  2:26  Extractor  
  22  2:33  Lair  
  22  2:39  Drone  
  22  2:41  Drone  
  24  2:55  Roach Warren  
  24  2:56  Drone  
  24  3:05  Queen  
  26  3:07  Drone  
  27  3:18  Drone x2  
  29  3:20  Evolution Chamber  
  29  3:27  Drone  
  29  3:30  Drone  
  29  3:33  Drone  
  31  3:36  Spore Crawler  
  31  3:38  Roach  
  32  3:53  Roach  
  32  3:54  Roach  
  36  3:57  Nydus Network  
  36  4:00  Metabolic Boost  
  35  4:08  Drone x3  
  38  4:13  Tunneling Claws  
  38  4:18  Drone x2  
  39  4:27  Ravager  
  40  4:37  Spore Crawler  
  39  4:38  Spore Crawler  
  39  4:44  Nydus Canal  
  38  4:50  Roach  
  38  4:52  Zergling x4  
  42  4:54  Overlord x3  
  42  5:09  Burrow  
  42  5:17  Roach  
  42  5:18  Zergling x14  
  43  5:44  Roach x5  
  43  5:45  Roach  
  57  5:50  Roach  
  57  5:51  Zergling x2  
  52  6:14  Spore Crawler  
  52  6:15  Spore Crawler x2  
  52  6:16  Spore Crawler x2  
  52  6:17  Spore Crawler  
  52  6:18  Roach x3  
  46  6:31  Drone  
  46  6:32  Drone x4  
  49  6:44  Overlord x2  
  49  6:59  Zergling x2  
  50  7:06  Zerg Melee Weapons Level 1  
  50  7:12  Drone  
  50  7:13  Drone x7  
  50  7:14  Drone  
  59  7:39  Hatchery  
  58  7:48  Nydus Canal  
  58  7:52  Zergling x2, Roach x3  
  58  7:53  Zergling x2  
  58  7:54  Overlord x2  
  58  7:55  Overlord  
  66  8:27  Roach x7  
  72  8:28  Roach  
  72  8:29  Nydus Canal  
  82  8:35  Roach x10  
  81  9:00  Roach x6  
  81  9:01  Roach x2  
  81  9:02  Nydus Canal  
  94  9:19  Roach x2  
  94  9:24  Roach x2  
  96  9:26  Overlord x5  
  84  9:36  Roach x3  
  90  9:44  Nydus Canal  
  90  9:48  Roach x2  
  90  9:49  Roach  
  96  10:14  Ravager  
  96  10:17  Roach x23  
  90  10:49  Roach x6  
  106  10:50  Roach x2  
  104  11:02  Extractor  
  104  11:03  Drone x4  
  91  11:05  Extractor  
  91  11:06  Roach x8  
  91  11:11  Hydralisk Den  
  85  11:16  Roach x4  
  69  11:38  Roach  
  69  11:39  Roach x7  
  85  11:40  Roach  
  79  12:05  Nydus Canal  
  79  12:07  Hydralisk x2  
  79  12:08  Hydralisk x4  
  85  12:12  Grooved Spines  
  85  12:14  Hydralisk x2  
  85  12:15  Hydralisk  
  79  12:56  Hydralisk x2  
  79  12:57  Hydralisk x7  
  79  13:02  Nydus Canal  
Tags
 
Add a new tag
Caveats
  • Supply blocks, unpowered buildings, or Contaminate may cause inaccurate times.
  • Supply counts are checked every 10 seconds.